AoeStats
← 哈哈哈我不是数字名字

Arena

510523853Analyzed
4v4 RM · 1d ago on Oct 1, 2026· 68m 25s· 8 players
Game mode
Random Map
Map size
Large (8 player)
Population
200
Speed
Normal
Resources
Standard
Victory
Conquest
Starting age
Dark Age
Ending age
Imperial Age
RankedLock teamsTeams togetherTeam positionsShared explorationLock speedFull tech treeHidden civsTurbo modeCheats
Victory
Defeat
🇪🇸 Cumans · Spain
880
+29
🇨🇳 Turks · China
857
+14
🇨🇳 Japanese · China
849
+15
🇨🇳 Poles · China
837
+16
872
-16
🇨🇳 Mongols · China
835
-15
🇨🇳 Malay · China
806
-14
777
-13
砍德沃.基尔邦硬.香达菲基
0:58 Loom
10:32 Feudal Age
15:37 Castle Age
18:37 Fervor
18:19 Horse Collar
19:57 Double-Bit Axe
21:10 Wheelbarrow
28:13 Imperial Age
26:05 Heavy Plow
26:17 Bow Saw
26:00 Fletching
26:58 Bodkin Arrow
27:07 Padded Archer Armor
30:00 Two-Man Saw
28:57 Bodkin Arrow
29:18 Leather Archer Armor
29:20 Hand Cart
28:56 Town Watch
29:06 Gold Mining
29:07 Stone Mining
30:05 Thumb Ring
30:51 Gold Shaft Mining
30:18 Bracer
31:36 Ring Archer Armor
31:20 Fervor
32:48 Conscription
33:48 Elite Chu Ko Nu
34:55 Ballistics
34:32 Murder Holes
35:38 Chemistry
35:36 Heavy Rocket Cart
36:58 Great Wall
37:21 Rocketry
36:26 Heavy Scorpion
37:52 Stone Shaft Mining
40:07 Scale Mail Armor
41:03 Squires
42:11 Bombard Tower
41:52 Pikeman
44:46 Halberdier
45:42 Forging
45:47 Chain Mail Armor
47:46 Iron Casting
48:39 Masonry
52:27 Arson
53:23 Guard Tower
53:18 Arrowslits
59:49 Town Patrol
60:54 Architecture
60:38 Fortified Wall
61:03 Keep
61:55 Scale Barding Armor
62:51 Blast Furnace
哈哈哈我不是数字名字
5:27 Loom
11:23 Feudal Age
12:39 Wheelbarrow
11:46 Horse Collar
11:54 Double-Bit Axe
14:55 Gold Mining
16:06 Town Watch
19:01 Stone Mining
21:25 Castle Age
22:27 Hand Cart
22:15 Heavy Plow
22:53 Stone Shaft Mining
22:31 Bow Saw
28:50 Imperial Age
26:48 Husbandry
27:00 Bloodlines
27:12 Forging
27:08 Scale Barding Armor
27:07 Scale Mail Armor
27:24 Forging
27:14 Light Cavalry
30:30 Iron Casting
34:05 Cavalier
45:08 Winged Hussar
52:24 Blast Furnace
399248324
12:35 Feudal Age
13:06 Double-Bit Axe
13:09 Horse Collar
19:00 Castle Age
20:15 Bow Saw
21:43 Padded Archer Armor
24:45 Wheelbarrow
27:37 Hand Cart
31:06 Fletching
31:59 Heavy Plow
34:45 Imperial Age
32:44 Nomads
33:37 Bodkin Arrow
33:46 Nomads
34:34 Leather Archer Armor
35:28 Thumb Ring
35:34 Husbandry
35:45 Bloodlines
34:59 Capped Ram
35:54 Bracer
35:55 Loom
36:15 Town Watch
36:09 Elite Mangudai
37:36 Parthian Tactics
38:52 Drill
38:46 Forging
38:03 Siege Ram
40:08 Heavy Camel Rider
44:06 Scale Mail Armor
43:30 Elite Skirmisher
45:51 Pikeman
46:32 Squires
46:52 Chain Mail Armor
46:56 Heavy Cavalry Archer
48:13 Caravan
56:42 Plate Mail Armor
58:10 Scale Barding Armor
59:38 Iron Casting
63:36 Blast Furnace
62:05 Heavy Scorpion
69279406
11:30 Feudal Age
16:39 Castle Age
15:09 Double-Bit Axe
22:19 Stone Mining
24:34 Wheelbarrow
25:14 Treadmill Crane
27:15 Murder Holes
27:30 Masonry
26:58 Pikeman
27:39 Squires
28:20 Ballistics
28:37 Hand Cart
49:10 Imperial Age
49:18 Imperial Age
53:05 Horse Collar
57:11 Halberdier
59:53 Caravan
60:06 Guilds
小笼包的诺姆
6:08 Loom
11:56 Feudal Age
16:44 Castle Age
16:47 Double-Bit Axe
17:08 Gold Mining
17:00 Horse Collar
21:50 Scale Mail Armor
24:56 Chain Mail Armor
24:52 Forging
25:34 Wheelbarrow
28:11 Hand Cart
29:07 Iron Casting
30:26 Squires
30:11 Arson
33:57 Imperial Age
32:11 Bow Saw
35:37 Conscription
35:12 Capped Ram
37:31 Two-Man Saw
37:11 Gold Shaft Mining
37:10 Plate Mail Armor
37:41 Blast Furnace
36:43 Heavy Plow
38:52 Town Watch
38:41 Elite Samurai
39:57 Pikeman
42:20 Kataparuto
42:49 Halberdier
42:54 Man-at-Arms
43:19 Gambesons
44:42 Stone Mining
46:05 Long Swordsman
49:10 Coinage
48:41 Caravan
50:12 Fletching
50:04 Two-Handed Swordsman
52:54 Champion
58:22 Bodkin Arrow
59:11 Banking
59:17 Onager
62:10 Chemistry
60:51 Treadmill Crane
64:01 Bracer
64:02 Padded Archer Armor
64:25 Ballistics
64:11 Siege Engineers
64:03 Guard Tower
64:10 Murder Holes
63:55 Elite Skirmisher
65:48 Thumb Ring
66:13 Parthian Tactics
68:19 Keep
67:30 Arrowslits
68:01 Masonry
68:02 Fortified Wall
68:34 Yasama
美少女王兔
13:11 Feudal Age
13:18 Feudal Age
17:18 Castle Age
15:54 Double-Bit Axe
16:02 Gold Mining
22:34 Imperial Age
22:18 Padded Archer Armor
22:41 Bow Saw
22:15 Horse Collar
24:08 Leather Archer Armor
39:38 Two-Man Saw
38:53 Heavy Plow
41:15 Ring Archer Armor
40:35 Fletching
42:17 Thumb Ring
44:10 Gold Shaft Mining
43:40 Bodkin Arrow
45:54 Bracer
48:55 Wheelbarrow
56:26 Hand Cart
60:49 Conscription
60:32 Artillery
61:22 Loom
61:35 Stone Mining
无名之辈2
11:04 Feudal Age
14:38 Castle Age
21:10 Loom
21:54 Double-Bit Axe
24:11 Horse Collar
28:32 Gold Mining
31:36 Imperial Age
30:06 Stone Mining
30:12 Treadmill Crane
31:11 Wheelbarrow
31:43 Bow Saw
32:11 Stone Shaft Mining
32:18 Scale Barding Armor
32:44 Conscription
32:47 Hand Cart
33:22 Heavy Plow
34:06 Bloodlines
33:17 Cavalier
34:27 Forging
34:38 Chain Barding Armor
34:46 Ballistics
34:59 Husbandry
35:43 Szlachta Privileges
35:04 Light Cavalry
35:13 Elite Obuch
37:24 Chemistry
36:04 Winged Hussar
36:38 Loom
36:42 Town Watch
36:55 Murder Holes
37:41 Iron Casting
43:01 Lechitic Legacy
44:17 Siege Engineers
53:52 Blast Furnace
52:53 Scale Mail Armor
53:43 Town Patrol
53:54 Fortified Wall
54:25 Fletching
54:53 Padded Archer Armor
55:15 Man-at-Arms
55:56 Squires
56:22 Chain Mail Armor
VerrücktMan
9:12 Loom
11:45 Feudal Age
12:20 Double-Bit Axe
13:16 Man-at-Arms
19:46 Castle Age
18:00 Horse Collar
22:02 Bow Saw
23:19 Caravan
24:48 Stone Mining
24:49 Gold Mining
29:43 Fletching
30:10 Scale Barding Armor
34:29 Gold Shaft Mining
34:24 Chain Barding Armor
36:56 Heavy Plow
42:04 Imperial Age
42:16 Elite Steppe Lancer
Connection lost

Rejoining the realm…

Still unreachable

The connection could not be restored.

Session expired

The server has moved on; the page needs a fresh start.